AoeStats
← BobbyBenz

Oasis

509909464Analyzed
2v2 RM · 4d ago on Sep 28, 2026· 84m 37s· 4 players
Game mode
Random Map
Map size
Medium (4 player)
Population
200
Speed
Normal
Resources
Standard
Victory
Conquest
Starting age
Dark Age
Ending age
Imperial Age
RankedLock teamsTeams togetherTeam positionsShared explorationLock speedFull tech treeHidden civsTurbo modeCheats
Victory
Defeat
🇩🇪 Varangians · Germany
1266
+13
🇦🇹 Britons · Austria
1156
+18
🇩🇪 Inca · Germany
1204
-16
🇩🇪 Magyars · Germany
1198
-15
haidaryameen
8:10 Loom
10:30 Feudal Age
11:47 Double-Bit Axe
13:05 Horse Collar
20:03 Castle Age
18:56 Fletching
19:40 Padded Archer Armor
21:30 Bodkin Arrow
26:19 Bow Saw
28:13 Wheelbarrow
28:01 Heavy Plow
33:05 Imperial Age
29:59 Champi Runner
30:41 Scale Mail Armor
31:15 Squires
31:12 Champi Warrior
32:08 Chain Mail Armor
32:43 Forging
33:48 Fabric Shields
36:35 Forging
36:59 Plate Mail Armor
36:10 Elite Champi Warrior
38:47 Forging
38:56 Bracer
40:54 Iron Casting
41:42 Onager
43:02 Crop Rotation
47:33 Blast Furnace
48:45 Pikeman
50:54 Halberdier
52:11 Leather Archer Armor
56:24 Conscription
77:08 Elite Skirmisher
FoxHound966
1:17 Loom
11:55 Feudal Age
19:27 Castle Age
17:40 Double-Bit Axe
18:45 Horse Collar
24:18 Bloodlines
26:32 Wheelbarrow
26:21 Bow Saw
27:50 Heavy Plow
28:59 Scale Barding Armor
30:50 Chain Barding Armor
32:17 Husbandry
33:57 Gold Mining
39:03 Imperial Age
39:10 Hand Cart
38:42 Town Watch
39:04 Cavalier
40:41 Plate Barding Armor
40:43 Conscription
42:47 Masonry
43:43 Paladin
46:08 Gold Shaft Mining
47:19 Fletching
47:30 Padded Archer Armor
48:27 Ballistics
48:59 Light Cavalry
50:50 Town Patrol
51:03 Corvinian Army
50:58 Hussar
52:11 Bodkin Arrow
52:37 Leather Archer Armor
53:34 Chemistry
52:04 Elite Skirmisher
53:29 Elite Magyar Huszar
54:52 Bracer
56:46 Two-Man Saw
57:25 Murder Holes
58:11 Hoardings
59:37 Ring Archer Armor
59:08 Scale Mail Armor
58:35 Pikeman
61:56 Chain Mail Armor
75:07 Halberdier
Aquisgranensis_MCM
5:58 Loom
8:36 Feudal Age
19:25 Castle Age
17:25 Double-Bit Axe
18:06 Gold Mining
19:15 Scale Barding Armor
20:16 Bloodlines
20:27 Forging
20:56 Wheelbarrow
21:05 Chain Barding Armor
21:14 Bow Saw
21:35 Horse Collar
27:13 Iron Casting
30:46 Heavy Plow
34:56 Fletching
35:43 Husbandry
38:23 Imperial Age
36:05 Bodkin Arrow
36:18 Vendel Legacy
37:17 Caravan
38:31 Cavalier
43:52 Plate Barding Armor
44:18 Blast Furnace
44:46 Light Cavalry
53:08 Hussar
78:52 Hand Cart
81:57 Crop Rotation
BobbyBenz
5:39 Loom
8:38 Feudal Age
9:06 Double-Bit Axe
14:22 Fletching
23:15 Castle Age
20:59 Horse Collar
21:37 Gold Mining
22:07 Stone Mining
24:18 Bow Saw
23:52 Crossbowman
24:47 Bodkin Arrow
30:11 Heavy Plow
30:52 Gold Shaft Mining
31:15 Yeomen
36:54 Imperial Age
35:00 Wheelbarrow
34:12 Town Watch
34:33 Padded Archer Armor
36:15 Fortified Wall
36:26 Ballistics
36:27 Hand Cart
38:29 Conscription
38:30 Elite Longbowman
39:48 Caravan
40:20 Squires
40:06 Gambesons
40:08 Arson
39:44 Pikeman
40:27 Bracer
41:59 Chemistry
49:12 Two-Man Saw
57:50 Halberdier
61:08 Warwolf
70:11 Leather Archer Armor
70:02 Scale Barding Armor
70:07 Forging
70:10 Siege Engineers
72:59 Man-at-Arms
73:25 Gambesons
74:19 Ring Archer Armor
74:25 Iron Casting
73:51 Scale Mail Armor
73:41 Long Swordsman
74:58 Two-Handed Swordsman
76:11 Champion
82:36 Blast Furnace
81:51 Chain Mail Armor
Connection lost

Rejoining the realm…

Still unreachable

The connection could not be restored.

Session expired

The server has moved on; the page needs a fresh start.